 Dungeon Crawl Stone Soup version 0.19-a0-458-gfd99d95 (webtiles) character file.

246 MenacingMecha the Ruffian (level 5, 0/54 HPs)
             Began as a Troll Monk on June 2, 2016.
             Slain by an ogre
             ... wielding a +0 giant club
              (31 damage)
             ... on level 4 of the Dungeon.
             The game lasted 00:11:56 (2652 turns).

MenacingMecha the Ruffian (Troll Monk)              Turns: 2652, Time: 00:11:57

Health: 0/54       AC:  5    Str: 19    XL:     5   Next: 84%
Magic:  4/4        EV: 10    Int:  6    God:
Gold:   133        SH:  0    Dex: 13    Spells: 0 memorised, 4 levels left

rFire  . . .     SeeInvis .       - Unarmed
rCold  . . .     Gourm    +     a - +0 robe
rNeg   . . .     Faith    .     (no shield)
rPois  .         Spirit   .     (helmet restricted)
rElec  .         Dismiss  .     (no cloak)
rCorr  .         Reflect  .     (gloves unavailable)
SustAt .         Harm     .     (boots unavailable)
MR     .....                    (no amulet)
Stlth  ++........               (no ring)
                                (no ring)

@: not resistant to hostile enchantments, unstealthy
A: unfitting armour, claws 3, fast metabolism 3, gourmand, regeneration 2,
shaggy fur 1, tough skin 2
a: no special abilities


You were on level 4 of the Dungeon.
You were very full.

You visited 1 branch of the dungeon, and saw 4 of its levels.

You collected 133 gold pieces.

Inventory:

Missiles
 l - 3 curare-tipped needles
 q - 2 tomahawks (quivered)
Armour
 a - a +0 robe (worn)
Wands
 k - a wand of iceblast (6/15)
   (You found it on level 3 of the Dungeon)
Scrolls
 c - a scroll of enchant armour {unknown}
 d - 7 scrolls of identify {unknown}
 e - a scroll of fear {unknown}
 h - 2 scrolls of recharging {unknown}
 i - 2 scrolls of fog {unknown}
 m - 2 scrolls of noise {unknown}
 n - a scroll of blinking {unknown}
 r - a scroll of teleportation {unknown}
Potions
 f - a potion of agility {unknown}
 g - 2 potions of curing {unknown}
 j - a potion of brilliance {unknown}
 p - 2 potions of heal wounds {unknown}
Comestibles
 b - 5 bread rations


   Skills:
 + Level 3.6 Fighting
 - Level 2.6 Dodging
 - Level 1.2 Stealth
 - Level 6.1 Unarmed Combat


You had 4 spell levels left.
You didn't know any spells.

Dungeon Overview and Level Annotations

Branches:
Dungeon (4/15)
 Temple: D:4-7

Altars:
Cheibriados
Elyvilon

Annotations:
D:2 Sigmund


Innate Abilities, Weirdness & Mutations

You are too large for most types of armour.
You have claws for hands.
Your metabolism is lightning-fast.
You like to eat raw meat.
You heal very quickly.
You are covered in fur. (AC +1)
You have very tough skin. (AC +2)


Message History

You're too full to eat anything.
You see here a hobgoblin corpse.
You butcher the hobgoblin corpse.
o - 3 chunks of flesh (gained 1)
There is a stone staircase leading down here.
A giant gecko comes into view.
A giant gecko is nearby!
The giant gecko bites you.
You closely miss the giant gecko.
The giant gecko bites you but does no damage.
You closely miss the giant gecko. Your claw misses the giant gecko.
The giant gecko barely misses you.
You scratch the giant gecko but do no damage.
You claw the giant gecko.
You kill the giant gecko!
Some of the chunks of flesh in your inventory have rotted away.
There is a stone staircase leading down here.
You climb downwards.
There is a stone staircase leading up here.
Done exploring.
There is a stone staircase leading down here.
You climb downwards.
There is a stone staircase leading up here.
You see here a hand axe.
Found a stone staircase leading down.
b - 5 bread rations (gained 1)
There is a stone staircase leading down here.
r - a scroll labeled GUDORAHAOPH Eating a chunk of flesh.
This raw flesh tastes great.
You continue eating. x2
You now have 133 gold pieces (gained 14).
A quokka comes into view.
You barely miss the quokka. The quokka closely misses you.
You claw the quokka!
You kill the quokka!
You see here a quokka corpse.
You found a teleport trap!
d - 7 scrolls labeled JIFIBL ATYJIUP (gained 1)
m - 2 scrolls labeled IHUMEO OVALU (gained 1)
i - 2 scrolls labeled FEUXTU ODEMO (gained 1)
A giant gecko comes into view.
Throwing (i - inventory):
q - 2 tomahawks (quivered)
Press: ? - help, Shift-Dir - straight line, f - giant gecko
Aim: a giant gecko (clinging, resting)
You throw a tomahawk.
The tomahawk hits the giant gecko but does no damage.
Throwing (i - inventory):
q - a tomahawk (quivered)
Press: ? - help, Shift-Dir - straight line, f/p - giant gecko
Aim: a giant gecko You throw a tomahawk.
The tomahawk closely misses the giant gecko.
The giant gecko bites you but does no damage.
The giant gecko bites you.
You miss the giant gecko. The giant gecko barely misses you.
You mangle the giant gecko!!
You kill the giant gecko!
A crimson imp comes into view.
The crimson imp shouts!
You see here a giant gecko corpse.
The crimson imp hits you.
You claw the crimson imp!
The crimson imp is almost dead.
The crimson imp blinks!
You claw the crimson imp!
You kill the crimson imp!
q - a tomahawk
q - 2 tomahawks (gained 1)
You see here a giant gecko corpse.
You butcher the giant gecko corpse.
o - a chunk of flesh You see here a giant gecko skeleton.
You see here a giant gecko skeleton.
Found a snail-covered altar of Cheibriados.
Eating a chunk of flesh.
This raw flesh tastes great.
You continue eating. x2
You see here a spear.
There is a stone staircase leading down here.
You open the door.
Found a white marble altar of Elyvilon.
There is an open door here.
You open the door.
There is an open door here.
A shadow imp comes into view.
The shadow imp shouts, "Crawl home, thou plume-plucked fob-snatching giglet!"
An ogre comes into view. It is wielding a giant club.
The ogre shouts!
The shadow imp gestures at you. Pain shoots through your body!
The shadow imp gestures at you. Pain shoots through your body!
You closely miss the shadow imp. Your claw misses the shadow imp.
You claw the shadow imp!
You kill the shadow imp!
The ogre hits you with a giant club! The ogre closely misses you.
You claw the ogre!
The ogre is heavily wounded.
The ogre hits you with a giant club!!
Ouch! That really hurt!
You die...

#...# #.....# ....
#....##.#...# ....
#......)...###
###.
###..........## ##
##........(.##
#...........#
#...........#.##
#...............
#.......O@.......
#........$.....#.
#...............!
#.................
..................
.................
.................
# ................
. #


You could see an ogre.

Vanquished Creatures
  A crimson imp (D:4)
  An orc wizard (D:3)
  Ijyb (D:3)
  4 gnolls
  An adder (D:3)
  A shadow imp (D:4)
  2 oozes (D:1)
  A worm (D:3)
  2 dart slugs (D:1)
  3 giant geckos
  2 orcs (D:3)
  8 bats
  3 giant cockroaches (D:1)
  12 goblins
  10 hobgoblins
  7 jackals
  3 kobolds (D:1)
  2 quokkas
  A giant gecko zombie (D:3)
  4 giant newts
  15 rats (D:1)
84 creatures vanquished.

Notes
Turn   | Place    | Note
--------------------------------------------------------------
     0 | D:1      | MenacingMecha the Troll Monk began the quest for the Orb.
     0 | D:1      | Reached XP level 1. HP: 22/22 MP: 0/0
    51 | D:1      | Reached XP level 2. HP: 22/29 MP: 1/1
   306 | D:1      | Reached XP level 3. HP: 36/36 MP: 2/2
   606 | D:1      | Reached skill level 5 in Unarmed Combat
   787 | D:2      | Noticed Sigmund
   925 | D:1      | Reached XP level 4. HP: 38/44 MP: 3/3
  1137 | D:3      | Noticed Ijyb
  1252 | D:3      | Killed Ijyb
  1252 | D:3      | Reached skill level 6 in Unarmed Combat
  1375 | D:3      | Reached XP level 5. HP: 50/50 MP: 4/4
  2106 | D:3      | Reached skill level 3 in Fighting
  2502 | D:4      | Found a snail-covered altar of Cheibriados.
  2603 | D:4      | Found a white marble altar of Elyvilon.
  2643 | D:4      | Noticed an ogre
  2652 | D:4      | Slain by an ogre

Vault maps used:
D:1:      erik_arrival_orb_chamber, patterned_corridor
D:2:      first_bread, uniq_sigmund
D:3:      kennysheep_the_goblin_king, minmay_quantized
D:4:      lemuel_doored_altar, tgw_trog, kennysheep_vampire_church,
          lemuel_round_altar

Skill      XL: |  1  2  3  4  5 |
---------------+----------------+-----
Unarmed Combat | 5 6 |  6.1
Fighting       | 3 |  3.6
Dodging        | |  2.6
Stealth        | |  1.2

Action                   |  1- 3 |  4- 6 || total
-------------------------+-------+-------++-------
Melee: Unarmed           |    89 |   112 ||   201
       Punch             |     1 |     4 ||     5
Throw: Tomahawk          |       |     2 ||     2
 Stab: Sleeping          |     3 |       ||     3
  Eat: Chunk             |    12 |    17 ||    29
Armor: Robe              |    36 |    36 ||    72
Dodge: Dodged            |    78 |    71 ||   149

Vault maps used:
D:1:      erik_arrival_orb_chamber, patterned_corridor
D:2:      first_bread, uniq_sigmund
D:3:      kennysheep_the_goblin_king, minmay_quantized
D:4:      lemuel_doored_altar, tgw_trog, kennysheep_vampire_church,
          lemuel_round_altar

Table legend:
 A = Turns spent in this place as a percentage of turns spent in the entire game.
 B = Non-inter-level travel turns spent in this place as a percentage of non-inter-level travel turns spent in the entire game.
 C = Inter-level travel turns spent in this place as a percentage of turns spent in this place.
 D = Turns resting spent in this place as a percentage of non-inter-level travel turns spent in this place.
 E = Turns spent auto-exploring this place as a percentage of non-inter-level travel turns spent in this place.
 F = Non-inter-level travel turns spent in this place divided by the number of levels of this place that you've seen.
                   A       B       C       D       E      F
               +-------+-------+-------+-------+-------+----------------------
         Total | 100.0 | 100.0 |   0.8 |   1.7 |   7.9 | 228.8
       Dungeon | 100.0 | 100.0 |   0.8 |   1.7 |   7.9 | 228.8
               +-------+-------+-------+-------+-------+----------------------

Table legend:
 A = Kills in this place as a percentage of kills in entire the game.
 B = Kills by you in this place as a percentage of kills by you in the entire game.
 C = Kills by friends in this place as a percentage of kills by friends in the entire game.
 D = Other kills in this place as a percentage of other kills in the entire game.
 E = Experience gained in this place as a percentage of experience gained in the entire game.
 F = Experience gained in this place divided by the number of levels of this place that you have seen.
                   A       B       C       D       E      F
               +-------+-------+-------+-------+-------+----------------------
         Total | 100.0 | 100.0 |  -nan |  -nan | 100.0 |  88.0
       Dungeon | 100.0 | 100.0 |  -nan |  -nan | 100.0 |  88.0
               +-------+-------+-------+-------+-------+----------------------
